 Dungeon Crawl Stone Soup version 0.28-a0-1033-g1a2f33fa85 (webtiles) character file.

Game seed: 4680409545104849551

56 ytrimaz the Skirmisher (level 4, 37/37 HPs)
             Began as a Formicid Fighter on Dec 7, 2021.
             Was a Follower of Wu Jian.
             Quit the game on level 2 of the Dungeon.
             The game lasted 00:01:33 (1665 turns).

ytrimaz the Skirmisher (Formicid Fighter)           Turns: 1665, Time: 00:01:34

Health: 37/37      AC:  7    Str: 22    XL:     4   Next: 15%
Magic:  4/4        EV:  9    Int:  8    God:    Wu Jian [*.....]
Gold:   55         SH:  4    Dex: 10    Spells: 3/3 levels left

rFire   + . .      SeeInvis +   a - +0 war axe
rCold   . . .      Faith    .   c - +0 buckler
rNeg    . . .      Spirit   .   b - +0 scale mail
rPois   .          Reflect  .   (helmet unavailable)
rElec   .          Harm     .   (no cloak)
rCorr   .          Rampage  .   (no gloves)
Will    .....                   (no boots)
Stlth   ..........              (no amulet)
HPRegen 0.12/turn               e - ring of protection from fire
MPRegen 0.09/turn               (no ring)

@: no status effects
A: permanent stasis, dig shafts and tunnels, antennae 3, four strong arms
a: Dig, Shaft Self, Renounce Religion


You were on level 2 of the Dungeon.
You worshipped Wu Jian.
Wu Jian was aware of your devotion.
You visited 1 branch of the dungeon, and saw 2 of its levels.

You collected 55 gold pieces.

Inventory:

Hand Weapons
 a - a +0 war axe (weapon)
Armour
 b - a +0 scale mail (worn)
 c - a +0 buckler (worn)
Jewellery
 e - a ring of protection from fire (left hand)
 g - a ring of fire
Scrolls
 f - a scroll of vulnerability {unknown}
Potions
 d - a potion of might
 h - a potion of brilliance {unknown}
 i - a potion of attraction {unknown}


   Skills:
 * Level 4.1 Fighting
 + Level 2.8 Axes
 * Level 3.9 Armour
 - Level 3.6 Shields


You had 3 spell levels left.
You didn't know any spells.
Your spell library was empty.

Dungeon Overview and Level Annotations

Branches:
Dungeon (2/15)

Altars:
Wu Jian

Shops:
D:2 [


Innate Abilities, Weirdness & Mutations

You cannot be hasted, slowed, berserked, paralysed or teleported.
You can dig through walls and to a lower floor.
You have a pair of large antennae on your head. (SInv)
Your four strong arms can wield two-handed weapons with a shield.


Message History

The dart slug is moderately wounded.
The dart slug launches a dart at you. You block the slug dart.
You hit the dart slug.
The dart slug is heavily wounded.
The dart slug launches a dart at you. The slug dart hits you.
You hit the dart slug.
The dart slug is severely wounded.
The dart slug bites you but does no damage.
You slash the dart slug!
You kill the dart slug!
No target in view!
No target in view!
No target in view!
No target in view!
No target in view!
There is a faded altar of an unknown god here.
You cannot tell which god this altar belongs to.
Convert to them anyway?
Wu Jian accepts your prayer! The Council welcomes you!
You can now perform damaging attacks by moving towards foes.
You can now lightly attack monsters by moving around them.
You now have 44 gold pieces (gained 12).
You open the door.
There is an open door here.
You now have 53 gold pieces (gained 9).
You now have 55 gold pieces (gained 2).
You open the door.
There is an open door here.
You sense a monster nearby.
i - an amethyst potion You open the door.
A goblin comes into view. It is wielding a +0 dagger.
A goblin is nearby!
A goblin is nearby!
You barely miss the goblin. The goblin closely misses you.
You closely miss the goblin. The goblin closely misses you.
The goblin hits you but does no damage.
Are you sure you want to abandon this character and quit the game? (Confirm with "yes".)

##...## #..# #.#
##.....## #<.#####.#
##.......## #..>..##.#
#.........####....##.#
+.........+...........
#.........####....####
##.......## ##.#.#
##.....## ###.#
##.@.## ..# ##g## .##
#.# #. #.# #. #.# ...
... ...


You could see a goblin.

Vanquished Creatures
  A worm (D:2)
  4 dart slugs
  3 bats (D:1)
  5 endoplasms
  2 goblins (D:1)
  5 hobgoblins
  6 jackals (D:2)
  3 kobolds (D:1)
  A quokka (D:1)
  3 frilled lizards (D:1)
  6 rats
39 creatures vanquished.

Vanquished Creatures (others)
  A kobold (D:2)
1 creature vanquished.

Grand Total: 40 creatures vanquished

Notes
Turn   | Place    | Note
-------+----------+-------------------------------------------
     0 | D:1      | ytrimaz the Formicid Fighter began the quest for the Orb.
     0 | D:1      | Reached XP level 1. HP: 18/18 MP: 1/1
     0 | D:1      | Noticed a red draconian
     1 | D:1      | Noticed an ice dragon
     1 | D:1      | Noticed an ice dragon
     3 | D:1      | Noticed an ice dragon
     3 | D:1      | Noticed a large abomination
     5 | D:1      | Noticed a tentacled monstrosity
     8 | D:1      | Noticed a green draconian
    10 | D:1      | Noticed a green draconian
    10 | D:1      | Noticed an iron dragon
    12 | D:1      | Noticed an ice dragon
    14 | D:1      | Noticed a shadow dragon
    16 | D:1      | Noticed an iron dragon
    16 | D:1      | Noticed a shadow dragon
    18 | D:1      | Noticed an iron dragon
    18 | D:1      | Noticed an orb of fire
    20 | D:1      | Noticed an orb of fire
   172 | D:1      | Reached XP level 2. HP: 24/24 MP: 2/2
   440 | D:1      | Reached XP level 3. HP: 30/30 MP: 3/3
  1238 | D:2      | Found Unlan's Antique Armour Shop.
  1253 | D:2      | Reached skill level 4 in Fighting
  1412 | D:2      | Reached XP level 4. HP: 37/37 MP: 4/4
  1493 | D:2      | Found a faded altar of an unknown god.
  1513 | D:2      | Prayed at the altar of an unknown god.
  1513 | D:2      | Became a worshipper of the Wu Jian Council
  1513 | D:2      | Reached * piety under Wu Jian
  1665 | D:2      | Quit the game

Illustrated notes

Levels and vault maps discovered:
D:1:      shiori_arrival_whats_in_store_for_you, layout_loops_ring,
          minmay_strange_pillars, minmay_crystal_water
D:2:      layout_loops_corners, basic_ecumenical_altar, serial_shops,
          nicolae_shop_advertising_works [nicolae_subvault_shop_adworks],
          hangedman_abyss_or_decor_stabs

Skill      XL: |  1  2  3 |
---------------+----------+-----
Fighting       | 4 |  4.1
Axes           | |  2.8
Armour         | |  3.9
Shields        | |  3.6

Action                   |  1- 3 |  4- 6 || total
-------------------------+-------+-------++-------
Melee: War axe           |    98 |    11 ||   109
  Use: Scroll            |     2 |       ||     2
Armor: Scale mail        |    39 |     5 ||    44
Dodge: Dodged            |    44 |     4 ||    48
Block: Buckler           |    19 |     2 ||    21

Table legend: (Time is in decaauts)
 A = Elapsed time spent in this place.
 B = Non-inter-level travel time spent in this place.
 C = Inter-level travel time spent in this place.
 D = Time resting spent in this place.
 E = Time spent auto-exploring this place.
 F = Levels seen in this place.
 G = Mean time per level.
                   A        B        C        D        E       F      G
               +--------+--------+--------+--------+--------+-----+--------+
         Total |   1708 |   1706 |      2 |      0 |   1367 |   2 |  854.0 |
       Dungeon |   1708 |   1706 |      2 |      0 |   1367 |   2 |  854.0 |
               +--------+--------+--------+--------+--------+-----+--------+

Top non-repeatable levels by time:
     D:1: 1044 daAuts
     D:2: 663 daAuts
